Blues vs Senateurs
Created - November 25, 2020 at 19:34
Goals
|
| Blues |
0 |
2 |
1 |
3 |
| Senateurs |
0 |
1 |
4 |
5 |
|
Shots
|
| Blues |
12 |
14 |
8 |
34 |
| Senateurs |
7 |
8 |
12 |
27 |
|
1st period
No Goal
Penalties :
Drew Shore (STL) for Hooking (Minor) at 6:26, Evgeni Malkin (Ott) for Roughing (Minor) at 17:11
2nd period
1. Blues , Jordan Eberle 14 (Filip Forsberg 11, Alex Pietrangelo 15) at 6:56 (PP)
2. Blues , Nicklas Backstrom 14 (Alex Pietrangelo 16) at 12:50 (PP)
3. Senateurs , Phil Kessel 6 (Sidney Crosby 9) at 19:24 (PP)
Penalties :
Phil Kessel (Ott) for Holding (Minor) at 5:53, Anthony Mantha (STL) for Roughing (Minor) at 7:16, Brian McGrattan (Ott) for Holding (Minor) at 12:35, Jimmy Vesey (STL) for Elbowing (Minor) at 19:18, Sergei Shirokov (STL) for Tripping (Minor) at 19:53
3rd period
4. Senateurs , Marek Svatos 3 (Jamie Benn 4, Evgeni Malkin 5) at 4:23 (PP)
5. Senateurs , Brian McGrattan 2 (Matt Moulson 1, Sergei Kostitsyn 2) at 5:16
6. Senateurs , Matt Moulson 3 (Stephane Da Costa 3, Brian McGrattan 2) at 12:15
7. Senateurs , Phil Kessel 7 (Sidney Crosby 10, Dion Phaneuf 9) at 12:26
8. Blues , Fabian Brunnstrom 4 (Cody Ceci 4, Drew Shore 2) at 13:01
Penalties :
David Perron (STL) for Holding (Minor) at 3:51, Derek Boogaard (Ott) for High sticking (Minor) at 7:20, Ryan O'Reilly (STL) for Hooking (Minor) at 7:58, Evgeni Malkin (Ott) for Hooking (Minor) at 8:35, Sidney Crosby (Ott) for Charging (Minor) at 13:06, Cody Franson (Ott) for Holding (Minor) at 16:28
Goalie Stats
Carey Price (STL), 22 saves from 27 shots - (0.815), L, 8-3-3, 60:00 minutes
Jaroslav Halak (Ott), 31 saves from 34 shots - (0.912), W, 4-9-3, 60:00 minutes
Players Stats for Blues
Player Name G A P +/- PIM S H SB GA TA FO MP PP MP PK MP
------------------------------------------------------------------------------------
Alex Pietrangelo 0 2 2 -1 0 7 0 0 0 1 0/0 26:23 5:15 0:00
Anthony Mantha 0 0 0 0 2 0 1 0 0 0 1/1 10:55 0:00 0:00
Cody Ceci 0 1 1 0 0 1 1 0 0 0 0/0 19:48 0:00 4:18
David Perron 0 0 0 -1 2 7 4 0 1 0 1/2 18:51 3:38 1:28
Drew Shore 0 1 1 0 2 1 1 0 0 0 8/16 13:32 0:00 2:28
Fabian Brunnstrom 1 0 1 0 0 2 2 0 0 0 1/1 12:34 0:00 1:20
Filip Forsberg 0 1 1 -1 0 1 2 0 0 0 0/0 17:31 4:52 0:53
Gustav Nyquist 0 0 0 0 0 0 1 0 0 0 0/0 6:43 0:00 0:00
Jake Gardiner 0 0 0 -1 0 0 1 1 0 0 0/0 23:35 5:32 2:17
Jimmy Vesey 0 0 0 0 2 0 0 0 0 0 0/0 6:42 0:00 0:00
Jordan Eberle 1 0 1 -1 0 5 1 0 1 0 3/4 23:37 4:52 3:37
Nicklas Backstrom 1 0 1 -1 0 4 1 0 0 0 21/33 20:52 4:52 0:56
Ryan Murray 0 0 0 0 0 4 0 0 1 1 0/0 23:51 2:58 2:13
Ryan O'Reilly 0 0 0 -1 2 0 3 0 0 0 4/8 16:45 3:37 1:29
Sergei Shirokov 0 0 0 -1 2 1 4 0 0 0 0/1 16:01 3:38 0:00
Shayne Gostisbehere 0 0 0 -1 0 0 2 1 0 0 0/0 12:54 2:58 0:13
Vincent Lecavalier 0 0 0 0 0 1 0 0 0 0 1/2 7:08 0:00 0:50
Yann Sauvé 0 0 0 -1 0 0 1 0 0 1 0/0 13:38 0:17 4:18
Players Stats for Senateurs
Player Name G A P +/- PIM S H SB GA TA FO MP PP MP PK MP
------------------------------------------------------------------------------------
Arturs Kulda 0 0 0 1 0 0 1 0 0 0 0/0 12:15 0:46 1:07
Brian McGrattan 1 1 2 2 2 1 0 0 0 0 1/1 7:40 0:44 0:00
Cody Franson 0 0 0 1 2 0 1 3 1 0 0/0 26:04 4:09 4:55
Colby Armstrong 0 0 0 0 0 0 0 1 0 0 1/3 11:33 0:44 0:09
Denis Grebeshkov 0 0 0 0 0 0 0 1 0 0 0/0 20:50 1:40 2:57
Derek Boogaard 0 0 0 1 2 1 1 1 0 0 0/1 18:32 3:30 1:24
Dion Phaneuf 0 1 1 1 0 3 0 1 0 2 0/0 28:42 4:09 6:17
Duncan Keith 0 0 0 0 0 0 1 2 0 0 0/0 19:46 1:40 2:57
Evgeni Malkin 0 1 1 -1 4 1 1 1 1 0 1/5 18:50 2:08 3:33
Jamie Benn 0 1 1 -1 0 1 0 1 0 0 0/0 16:22 2:08 2:01
Marek Svatos 1 0 1 -1 0 2 1 3 0 0 0/0 14:02 1:59 0:00
Matt Moulson 1 1 2 2 0 1 1 0 0 0 0/1 7:39 0:22 0:00
Maxim Lapierre 0 0 0 0 0 2 1 0 0 0 1/8 11:24 0:37 0:18
Nate Prosser 0 0 0 1 0 0 0 0 1 0 0/0 11:39 0:46 0:15
Phil Kessel 2 0 2 1 2 10 1 0 0 0 3/4 17:17 3:43 0:39
Sergei Kostitsyn 0 1 1 0 0 4 1 1 0 0 1/2 14:03 0:00 3:08
Sidney Crosby 0 2 2 1 2 0 3 3 0 1 20/41 23:12 3:41 5:01
Stephane Da Costa 0 1 1 2 0 1 2 0 0 0 0/2 8:50 0:09 1:31
3 Stars
1 - Matt Moulson (Ott)
2 - Phil Kessel (Ott)
3 - Brian McGrattan (Ott)
Power Play
Blues - 2 on 7 Attempt(s) - 28.57%
Senateurs - 2 on 6 Attempt(s) - 33.33%
Penalty Kill
Blues - 4 on 6 Attempt(s) - 66.67%
- Score 0 goal in Penalty Kill
Senateurs - 5 on 7 Attempt(s) - 71.43%
- Score 0 goal in Penalty Kill
Team Stat
Blues - Hits : 25 - Faceoff Wins : 40 - Blocked Shots : 2 - Penalty Minutes : 12
Senateurs - Hits : 15 - Faceoff Wins : 28 - Blocked Shots : 18 - Penalty Minutes : 14
Official
Referees : Unknown
Linesman : Unknown
Game Notes
No Game Note
Finance
Level 1 -- Attendance: 5734 (95.57%) -- Ticket Income $590,602
Level 2 -- Attendance: 3730 (74.60%) -- Ticket Income $253,640
Level 3 -- Attendance: 1725 (86.25%) -- Ticket Income $74,175
Level 4 -- Attendance: 3798 (94.95%) -- Ticket Income $106,344
Luxury Box -- Attendance: 942 (94.20%) -- Ticket Income $169,560
Game was played at the Place Banque Scotia.
Total Attendance: 15929 (88.49%)
Total Ticket Income: $1,194,321
Other Income: $179,148
Total Income: $1,373,469
Blues
5 vs 5 Forward
Center Left Wing Right Wing Time % Phy DF OF
1 Nicklas Backstrom David Perron Jordan Eberle 40 1 2 2
2 Ryan O'Reilly Filip Forsberg Sergei Shirokov 30 1 2 2
3 Drew Shore Fabian Brunnstrom Anthony Mantha 20 1 2 2
4 Vincent Lecavalier Jimmy Vesey Gustav Nyquist 10 1 2 2
5 vs 5 Defense
Defense Defense Time % Phy DF OF
1 Alex Pietrangelo Ryan Murray 40 1 2 2
2 Cody Ceci Jake Gardiner 30 1 2 2
3 Yann Sauvé Shayne Gostisbehere 20 1 2 2
4 Alex Pietrangelo Jake Gardiner 10 1 2 2
PowerPlay Forward
Center Left Wing Right Wing Time % Phy DF OF
1 Nicklas Backstrom Filip Forsberg Jordan Eberle 60 1 1 3
2 Ryan O'Reilly David Perron Sergei Shirokov 40 1 1 3
PowerPlay Defense
Defense Defense Time % Phy DF OF
1 Alex Pietrangelo Jake Gardiner 60 1 2 2
2 Shayne Gostisbehere Ryan Murray 40 1 2 2
Penalty Kill 4 Players Forward
Center Wing Time % Phy DF OF
1 Drew Shore Jordan Eberle 60 1 3 1
2 Ryan O'Reilly David Perron 40 1 3 1
Penalty Kill 4 Players Defense
Defense Defense Time % Phy DF OF
1 Yann Sauvé Cody Ceci 60 2 3 0
2 Ryan Murray Jake Gardiner 40 2 3 0
Penalty Kill - 3 Players Forward
Forward Time % Phy DF OF
1 Jordan Eberle 60 1 2 2
2 Drew Shore 40 1 2 2
Penalty Kill - 3 Players Defense
Defense Defense Time % Phy DF OF
1 Alex Pietrangelo Cody Ceci 60 1 2 2
2 Ryan Murray Yann Sauvé 40 1 2 2
4 vs 4 Forward
Center Wing Time % Phy DF OF
1 Nicklas Backstrom Jordan Eberle 60 1 2 2
2 Ryan O'Reilly David Perron 40 1 2 2
4 vs 4 Defense
Defense Defense Time % Phy DF OF
1 Alex Pietrangelo Cody Ceci 60 1 2 2
2 Jake Gardiner Yann Sauvé 40 1 2 2
Last Minutes Offensive
Center Left Wing Right Wing Defense Defense
Nicklas Backstrom David Perron Jordan Eberle Alex Pietrangelo Jake Gardiner
Last Minutes Defensive
Center Left Wing Right Wing Defense Defense
Drew Shore David Perron Jordan Eberle Yann Sauvé Cody Ceci
Goaltenders
Starting : Carey Price
Backup : Pascal Leclaire
Extra Forwards
Normal : Sergei Shirokov, Vincent Lecavalier, Jordan Eberle - PP : Gustav Nyquist, Nicklas Backstrom - PK : Filip Forsberg
Extra Defensemen
Normal : Shayne Gostisbehere, Cody Ceci, Jake Gardiner - PP : Shayne Gostisbehere - PK : Shayne Gostisbehere, Jake Gardiner
Penalty Shots
David Perron, Jordan Eberle, Filip Forsberg, Vincent Lecavalier, Nicklas Backstrom
Scratches
Simon Gagné (Healthy)
Senateurs
5 vs 5 Forward
Center Left Wing Right Wing Time % Phy DF OF
1 Sidney Crosby Derek Boogaard Phil Kessel 40 1 2 2
2 Evgeni Malkin Jamie Benn Marek Svatos 30 1 2 2
3 Maxim Lapierre Sergei Kostitsyn Colby Armstrong 20 1 2 2
4 Stephane Da Costa Matt Moulson Brian McGrattan 10 1 2 2
5 vs 5 Defense
Defense Defense Time % Phy DF OF
1 Dion Phaneuf Cody Franson 40 1 2 2
2 Duncan Keith Denis Grebeshkov 30 1 2 2
3 Nate Prosser Arturs Kulda 20 1 2 2
4 Denis Grebeshkov Dion Phaneuf 10 1 2 2
PowerPlay Forward
Center Left Wing Right Wing Time % Phy DF OF
1 Sidney Crosby Derek Boogaard Phil Kessel 60 1 2 2
2 Evgeni Malkin Jamie Benn Marek Svatos 40 1 2 2
PowerPlay Defense
Defense Defense Time % Phy DF OF
1 Dion Phaneuf Cody Franson 60 1 2 2
2 Duncan Keith Denis Grebeshkov 40 1 2 2
Penalty Kill 4 Players Forward
Center Wing Time % Phy DF OF
1 Sidney Crosby Evgeni Malkin 60 1 2 2
2 Phil Kessel Derek Boogaard 40 1 2 2
Penalty Kill 4 Players Defense
Defense Defense Time % Phy DF OF
1 Dion Phaneuf Cody Franson 60 1 2 2
2 Duncan Keith Denis Grebeshkov 40 1 2 2
Penalty Kill - 3 Players Forward
Forward Time % Phy DF OF
1 Sidney Crosby 60 1 2 2
2 Evgeni Malkin 40 1 2 2
Penalty Kill - 3 Players Defense
Defense Defense Time % Phy DF OF
1 Dion Phaneuf Cody Franson 60 1 2 2
2 Duncan Keith Denis Grebeshkov 40 1 2 2
4 vs 4 Forward
Center Wing Time % Phy DF OF
1 Sidney Crosby Evgeni Malkin 60 1 2 2
2 Phil Kessel Derek Boogaard 40 1 2 2
4 vs 4 Defense
Defense Defense Time % Phy DF OF
1 Dion Phaneuf Cody Franson 60 1 2 2
2 Duncan Keith Denis Grebeshkov 40 1 2 2
Last Minutes Offensive
Center Left Wing Right Wing Defense Defense
Sidney Crosby Derek Boogaard Phil Kessel Dion Phaneuf Cody Franson
Last Minutes Defensive
Center Left Wing Right Wing Defense Defense
Sidney Crosby Derek Boogaard Phil Kessel Dion Phaneuf Cody Franson
Goaltenders
Starting : Jaroslav Halak
Backup : Jonas Hiller
Extra Forwards
Normal : Colby Armstrong, Maxim Lapierre, Sergei Kostitsyn - PP : Colby Armstrong, Maxim Lapierre - PK : Sergei Kostitsyn
Extra Defensemen
Normal : Nate Prosser, Arturs Kulda, Dion Phaneuf - PP : Nate Prosser - PK : Arturs Kulda, Nate Prosser
Penalty Shots
Sidney Crosby, Evgeni Malkin, Phil Kessel, Derek Boogaard, Marek Svatos
Scratches
Mark Giordano (Healthy)
% Time on Ice - Blues
Lines # - Real PCT - Wanted PCT - Time Play
Normal Forward
1 - 32% - 40% - 13:42
2 - 27% - 30% - 11:39
3 - 25% - 20% - 10:52
4 - 16% - 10% - 6:43
Normal Defense
1 - 40% - 40% - 17:23
2 - 34% - 30% - 14:30
3 - 19% - 20% - 8:04
4 - 7% - 10% - 2:59
PP Forward
1 - 57% - 60% - 4:52
2 - 43% - 40% - 3:38
PP Defense
1 - 62% - 60% - 5:15
2 - 38% - 40% - 3:15
PK Forward
1 - 77% - 60% - 5:06
2 - 23% - 40% - 1:29
PK Defense
1 - 65% - 60% - 4:18
2 - 35% - 40% - 2:17
PK3 Forward
1 - 0% - 60%
2 - 0% - 40%
PK3 Defense
1 - 0% - 60%
2 - 0% - 40%
44 Forward
1 - 91% - 60% - 1:48
2 - 9% - 40% - 0:11
44 Defense
1 - 84% - 60% - 1:40
2 - 16% - 40% - 0:19
Last Minute Offensive - 0:00
Last Minute Defensive - 0:00
Total
Forward - 60:00
Defense - 60:00
|
% Time on Ice - Senateurs
Lines # - Real PCT - Wanted PCT - Time Play
Normal Forward
1 - 31% - 40% - 13:27
2 - 28% - 30% - 12:03
3 - 24% - 20% - 10:16
4 - 17% - 10% - 7:10
Normal Defense
1 - 39% - 40% - 16:32
2 - 33% - 30% - 14:13
3 - 24% - 20% - 10:22
4 - 4% - 10% - 1:49
PP Forward
1 - 65% - 60% - 4:17
2 - 35% - 40% - 2:18
PP Defense
1 - 75% - 60% - 4:55
2 - 25% - 40% - 1:40
PK Forward
1 - 85% - 60% - 7:13
2 - 15% - 40% - 1:17
PK Defense
1 - 65% - 60% - 5:33
2 - 35% - 40% - 2:57
PK3 Forward
1 - 100% - 60% - 0:44
2 - 0% - 40% - 0:00
PK3 Defense
1 - 100% - 60% - 0:44
2 - 0% - 40% - 0:00
44 Forward
1 - 100% - 60% - 1:15
2 - 0% - 40% - 0:00
44 Defense
1 - 85% - 60% - 1:04
2 - 15% - 40% - 0:11
Last Minute Offensive - 0:00
Last Minute Defensive - 0:00
Total
Forward - 60:00
Defense - 60:00
|
Play-by-Play
1st period
0:01 of 1st period - Nicklas Backstrom wins face-off versus Sidney Crosby in neutral zone.
0:04 of 1st period - Snap shot by Alex Pietrangelo.
0:04 of 1st period - Stopped by Jaroslav Halak with a rebound.
0:12 of 1st period - Wrist shot by Nicklas Backstrom.
0:12 of 1st period - Stopped by Jaroslav Halak without a rebound.
0:13 of 1st period - Evgeni Malkin wins face-off versus Ryan O'Reilly in Senateurs zone.
0:30 of 1st period - Wrist shot by Marek Svatos.
0:30 of 1st period - Stopped by Carey Price with a rebound.
0:50 of 1st period - Snap shot by Fabian Brunnstrom.
0:50 of 1st period - Shot Hit the Post.
2:00 of 1st period - Denis Grebeshkov is hit by Ryan O'Reilly and loses puck.
2:05 of 1st period - Snap shot by Ryan O'Reilly.
2:05 of 1st period - Shot Blocked by Duncan Keith.
4:55 of 1st period - Slapshot by Alex Pietrangelo.
4:55 of 1st period - Deflect By Evgeni Malkin.
4:55 of 1st period - Stopped by Jaroslav Halak without a rebound.
4:56 of 1st period - Nicklas Backstrom wins face-off versus Sidney Crosby in Senateurs zone.
4:59 of 1st period - Slapshot by David Perron.
4:59 of 1st period - Stopped by Jaroslav Halak without a rebound.
5:00 of 1st period - Sidney Crosby wins face-off versus Nicklas Backstrom in Senateurs zone.
5:27 of 1st period - Dion Phaneuf is hit by Drew Shore and loses puck.
5:54 of 1st period - Vincent Lecavalier is hit by Matt Moulson and loses puck.
6:07 of 1st period - Wrist shot by David Perron.
6:07 of 1st period - Stopped by Jaroslav Halak without a rebound.
6:08 of 1st period - Phil Kessel wins face-off versus Nicklas Backstrom in Senateurs zone.
6:23 of 1st period - Slapshot by Phil Kessel.
6:23 of 1st period - Stopped by Carey Price without a rebound.
6:24 of 1st period - Drew Shore wins face-off versus Maxim Lapierre in Blues zone.
6:26 of 1st period - Minor Penalty to Drew Shore for Hooking.
6:27 of 1st period - Phil Kessel wins face-off versus Nicklas Backstrom in Blues zone.
8:26 of 1st period - Penalty to Drew Shore is over, Drew Shore is back on ice.
9:40 of 1st period - Alex Pietrangelo is hit by Sidney Crosby and loses puck.
10:07 of 1st period - Arturs Kulda is hit by Jordan Eberle and loses puck.
10:30 of 1st period - Evgeni Malkin is hit by Yann Sauvé and loses puck.
11:13 of 1st period - Wrist shot by Jimmy Vesey.
11:13 of 1st period - Shot Misses the Net.
11:53 of 1st period - Derek Boogaard is hit by Gustav Nyquist and loses puck.
12:18 of 1st period - Maxim Lapierre is hit by Ryan O'Reilly and loses puck.
13:06 of 1st period - Slapshot by Ryan Murray.
13:06 of 1st period - Deflect By Sidney Crosby.
13:06 of 1st period - Stopped by Jaroslav Halak with a rebound.
13:49 of 1st period - Icing by David Perron.
13:50 of 1st period - Sidney Crosby wins face-off versus Nicklas Backstrom in Blues zone.
13:53 of 1st period - Wrist shot by Phil Kessel.
13:53 of 1st period - Stopped by Carey Price with a rebound.
13:59 of 1st period - Cody Franson is hit by David Perron and loses puck.
14:12 of 1st period - Fabian Brunnstrom is hit by Stephane Da Costa and loses puck.
14:20 of 1st period - Slapshot by Brian McGrattan.
14:20 of 1st period - Shot Misses the Net.
14:22 of 1st period - Slapshot by Dion Phaneuf.
14:22 of 1st period - Stopped by Carey Price with a rebound.
15:08 of 1st period - Icing by Derek Boogaard.
15:09 of 1st period - Sidney Crosby wins face-off versus Vincent Lecavalier in Senateurs zone.
16:00 of 1st period - Wrist shot by Fabian Brunnstrom.
16:00 of 1st period - Deflect By Drew Shore.
16:00 of 1st period - Stopped by Jaroslav Halak without a rebound.
16:01 of 1st period - Sidney Crosby wins face-off versus Nicklas Backstrom in Senateurs zone.
16:26 of 1st period - Wrist shot by Evgeni Malkin.
16:26 of 1st period - Shot Misses the Net.
16:28 of 1st period - Wrist shot by Evgeni Malkin.
16:28 of 1st period - Stopped by Carey Price without a rebound.
16:29 of 1st period - Anthony Mantha wins face-off versus Evgeni Malkin in Blues zone.
17:11 of 1st period - Minor Penalty to Evgeni Malkin for Roughing.
17:12 of 1st period - Sidney Crosby wins face-off versus Nicklas Backstrom in Senateurs zone.
17:22 of 1st period - Snap shot by Sergei Kostitsyn.
17:22 of 1st period - Stopped by Carey Price without a rebound.
17:23 of 1st period - Nicklas Backstrom wins face-off versus Sergei Kostitsyn in Blues zone.
17:36 of 1st period - Snap shot by Jordan Eberle.
17:36 of 1st period - Stopped by Jaroslav Halak with a rebound.
17:38 of 1st period - Snap shot by Alex Pietrangelo.
17:38 of 1st period - Deflect By Cody Franson.
17:38 of 1st period - Stopped by Jaroslav Halak with a rebound.
17:40 of 1st period - Snap shot by Jordan Eberle.
17:40 of 1st period - Stopped by Jaroslav Halak without a rebound.
17:41 of 1st period - Ryan O'Reilly wins face-off versus Sidney Crosby in Senateurs zone.
17:42 of 1st period - Slapshot by Alex Pietrangelo.
17:42 of 1st period - Stopped by Jaroslav Halak without a rebound.
17:43 of 1st period - Ryan O'Reilly wins face-off versus Sidney Crosby in Senateurs zone.
17:44 of 1st period - Slapshot by Alex Pietrangelo.
17:44 of 1st period - Shot Blocked by Sidney Crosby.
17:46 of 1st period - Wrist shot by David Perron.
17:46 of 1st period - Shot Blocked by Dion Phaneuf.
17:48 of 1st period - Slapshot by Alex Pietrangelo.
17:48 of 1st period - Deflect By Sidney Crosby.
17:48 of 1st period - Stopped by Jaroslav Halak without a rebound.
17:49 of 1st period - Ryan O'Reilly wins face-off versus Sidney Crosby in Senateurs zone.
17:58 of 1st period - Sidney Crosby is hit by Sergei Shirokov and loses puck.
18:35 of 1st period - Slapshot by Jamie Benn.
18:35 of 1st period - Stopped by Carey Price with a rebound.
18:41 of 1st period - Denis Grebeshkov is hit by Filip Forsberg.
19:11 of 1st period - Penalty to Evgeni Malkin is over, Evgeni Malkin is back on ice.
Goals for this period are 0 for Blues vs 0 for Senateurs.
Shots for this period are 12 for Blues vs 7 for Senateurs.
2nd period
0:01 of 2nd period - Sidney Crosby wins face-off versus Nicklas Backstrom in neutral zone.
1:02 of 2nd period - Slapshot by Ryan Murray.
1:02 of 2nd period - Shot Misses the Net.
1:04 of 2nd period - Slapshot by Ryan Murray.
1:04 of 2nd period - Stopped by Jaroslav Halak with a rebound.
1:08 of 2nd period - Snap shot by Jordan Eberle.
1:08 of 2nd period - Shot Blocked by Marek Svatos.
1:12 of 2nd period - Slapshot by David Perron.
1:12 of 2nd period - Stopped by Jaroslav Halak without a rebound.
1:13 of 2nd period - Drew Shore wins face-off versus Sidney Crosby in Senateurs zone.
1:24 of 2nd period - Slapshot by Phil Kessel.
1:24 of 2nd period - Shot Misses the Net.
1:26 of 2nd period - Wrist shot by Phil Kessel.
1:26 of 2nd period - Stopped by Carey Price without a rebound.
1:27 of 2nd period - Sidney Crosby wins face-off versus Ryan O'Reilly in Blues zone.
1:28 of 2nd period - Snap shot by Phil Kessel.
1:28 of 2nd period - Stopped by Carey Price without a rebound.
1:29 of 2nd period - Ryan O'Reilly wins face-off versus Sidney Crosby in Blues zone.
1:29 of 2nd period - Jake Gardiner is hit by Arturs Kulda.
3:12 of 2nd period - Wrist shot by Phil Kessel.
3:12 of 2nd period - Shot Misses the Net.
3:14 of 2nd period - Snap shot by Phil Kessel.
3:14 of 2nd period - Stopped by Carey Price with a rebound.
3:16 of 2nd period - Slapshot by Derek Boogaard.
3:16 of 2nd period - Stopped by Carey Price without a rebound.
3:17 of 2nd period - Jordan Eberle wins face-off versus Phil Kessel in Blues zone.
3:44 of 2nd period - Colby Armstrong is hit by Cody Ceci and loses puck.
4:09 of 2nd period - Wrist shot by Jimmy Vesey.
4:09 of 2nd period - Shot Misses the Net.
4:33 of 2nd period - Brian McGrattan is hit by Sergei Shirokov.
5:12 of 2nd period - Icing by David Perron.
5:13 of 2nd period - Nicklas Backstrom wins face-off versus Maxim Lapierre in Blues zone.
5:30 of 2nd period - Snap shot by Sergei Shirokov.
5:30 of 2nd period - Deflect By Filip Forsberg.
5:30 of 2nd period - Shot Hit the Post.
5:30 of 2nd period - Puck is out of play.
5:31 of 2nd period - Nicklas Backstrom wins face-off versus Sidney Crosby in Senateurs zone.
5:53 of 2nd period - Minor Penalty to Phil Kessel for Holding.
5:54 of 2nd period - Nicklas Backstrom wins face-off versus Sidney Crosby in Senateurs zone.
6:48 of 2nd period - Slapshot by Alex Pietrangelo.
6:48 of 2nd period - Shot Blocked by Denis Grebeshkov.
6:50 of 2nd period - Snap shot by Jordan Eberle.
6:50 of 2nd period - Shot Blocked by Duncan Keith.
6:52 of 2nd period - Slapshot by Filip Forsberg.
6:52 of 2nd period - Shot Misses the Net.
6:54 of 2nd period - Snap shot by Jordan Eberle.
6:54 of 2nd period - Stopped by Jaroslav Halak with a rebound.
6:56 of 2nd period - Snap shot by Jordan Eberle.
6:56 of 2nd period - Goal by Jordan Eberle - Blues : 1 - Senateurs : 0.
6:57 of 2nd period - Sidney Crosby wins face-off versus Drew Shore in neutral zone.
7:01 of 2nd period - Cody Franson is hit by Fabian Brunnstrom and loses puck.
7:16 of 2nd period - Minor Penalty to Anthony Mantha for Roughing.
7:17 of 2nd period - Sidney Crosby wins face-off versus Drew Shore in Blues zone.
7:44 of 2nd period - Drew Shore is hit by Marek Svatos and loses puck.
8:13 of 2nd period - Jordan Eberle is hit by Sidney Crosby and loses puck.
8:38 of 2nd period - Sidney Crosby is hit by Filip Forsberg and loses puck.
9:16 of 2nd period - Penalty to Anthony Mantha is over, Anthony Mantha is back on ice.
10:16 of 2nd period - Colby Armstrong is hit by David Perron.
10:53 of 2nd period - Wrist shot by Jimmy Vesey.
10:53 of 2nd period - Shot Blocked by Evgeni Malkin.
10:55 of 2nd period - Snap shot by Vincent Lecavalier.
10:55 of 2nd period - Stopped by Jaroslav Halak with a rebound.
10:57 of 2nd period - Slapshot by Cody Ceci.
10:57 of 2nd period - Shot Blocked by Jamie Benn.
11:14 of 2nd period - Cody Franson is hit by Anthony Mantha and loses puck.
11:32 of 2nd period - Matt Moulson is hit by Ryan O'Reilly and loses puck.
11:45 of 2nd period - Alex Pietrangelo is hit by Phil Kessel and loses puck.
12:28 of 2nd period - Off-side.
12:29 of 2nd period - Nicklas Backstrom wins face-off versus Stephane Da Costa in neutral zone.
12:35 of 2nd period - Minor Penalty to Brian McGrattan for Holding.
12:36 of 2nd period - Sidney Crosby wins face-off versus Nicklas Backstrom in Senateurs zone.
12:50 of 2nd period - Snap shot by Nicklas Backstrom.
12:50 of 2nd period - Goal by Nicklas Backstrom - Blues : 2 - Senateurs : 0.
12:51 of 2nd period - Sidney Crosby wins face-off versus Nicklas Backstrom in neutral zone.
12:54 of 2nd period - David Perron is hit by Derek Boogaard and loses puck.
13:23 of 2nd period - Slapshot by Cody Franson.
13:23 of 2nd period - Shot Misses the Net.
13:39 of 2nd period - Snap shot by Sergei Kostitsyn.
13:39 of 2nd period - Deflect By Alex Pietrangelo.
13:39 of 2nd period - Stopped by Carey Price with a rebound.
13:41 of 2nd period - Slapshot by Dion Phaneuf.
13:41 of 2nd period - Stopped by Carey Price with a rebound.
16:47 of 2nd period - Phil Kessel is hit by Jake Gardiner and loses puck.
17:03 of 2nd period - Off-side.
17:04 of 2nd period - Nicklas Backstrom wins face-off versus Maxim Lapierre in neutral zone.
17:07 of 2nd period - Slapshot by Alex Pietrangelo.
17:07 of 2nd period - Stopped by Jaroslav Halak without a rebound.
17:08 of 2nd period - David Perron wins face-off versus Maxim Lapierre in Senateurs zone.
17:33 of 2nd period - Wrist shot by David Perron.
17:33 of 2nd period - Shot Misses the Net.
17:35 of 2nd period - Backhand shot by Ryan Murray.
17:35 of 2nd period - Shot Misses the Net.
17:37 of 2nd period - Backhand shot by Ryan Murray.
17:37 of 2nd period - Stopped by Jaroslav Halak with a rebound.
17:39 of 2nd period - Snap shot by Nicklas Backstrom.
17:39 of 2nd period - Stopped by Jaroslav Halak with a rebound.
17:41 of 2nd period - Slapshot by David Perron.
17:41 of 2nd period - Stopped by Jaroslav Halak with a rebound.
18:03 of 2nd period - Backhand shot by David Perron.
18:03 of 2nd period - Shot Blocked by Colby Armstrong.
18:07 of 2nd period - Backhand shot by David Perron.
18:07 of 2nd period - Stopped by Jaroslav Halak without a rebound.
18:08 of 2nd period - Sidney Crosby wins face-off versus Ryan O'Reilly in Senateurs zone.
18:08 of 2nd period - Sidney Crosby is hit by Sergei Shirokov.
18:16 of 2nd period - Slapshot by Cody Ceci.
18:16 of 2nd period - Shot Blocked by Derek Boogaard.
18:24 of 2nd period - Wrist shot by Sergei Shirokov.
18:24 of 2nd period - Stopped by Jaroslav Halak without a rebound.
18:25 of 2nd period - Drew Shore wins face-off versus Evgeni Malkin in Senateurs zone.
19:18 of 2nd period - Minor Penalty to Jimmy Vesey for Elbowing.
19:19 of 2nd period - Sidney Crosby wins face-off versus Drew Shore in Blues zone.
19:24 of 2nd period - Wrist shot by Phil Kessel.
19:24 of 2nd period - Goal by Phil Kessel - Blues : 2 - Senateurs : 1.
19:25 of 2nd period - Nicklas Backstrom wins face-off versus Sidney Crosby in neutral zone.
19:32 of 2nd period - Snap shot by Alex Pietrangelo.
19:32 of 2nd period - Stopped by Jaroslav Halak with a rebound.
19:34 of 2nd period - Snap shot by Ryan Murray.
19:34 of 2nd period - Stopped by Jaroslav Halak with a rebound.
19:53 of 2nd period - Minor Penalty to Sergei Shirokov for Tripping.
19:54 of 2nd period - Sidney Crosby wins face-off versus Drew Shore in Blues zone.
19:55 of 2nd period - Snap shot by Phil Kessel.
19:55 of 2nd period - Stopped by Carey Price without a rebound.
19:56 of 2nd period - Sidney Crosby wins face-off versus Drew Shore in Blues zone.
Goals for this period are 2 for Blues vs 1 for Senateurs.
Shots for this period are 14 for Blues vs 8 for Senateurs.
3rd period
0:01 of 3rd period - Drew Shore wins face-off versus Sidney Crosby in neutral zone.
0:16 of 3rd period - Yann Sauvé is hit by Sidney Crosby and loses puck.
1:53 of 3rd period - Penalty to Sergei Shirokov is over, Sergei Shirokov is back on ice.
2:20 of 3rd period - Snap shot by Sergei Kostitsyn.
2:20 of 3rd period - Stopped by Carey Price with a rebound.
2:28 of 3rd period - Snap shot by Jimmy Vesey.
2:28 of 3rd period - Deflect By Vincent Lecavalier.
2:28 of 3rd period - Shot Misses the Net.
2:28 of 3rd period - Puck is out of play.
2:29 of 3rd period - Nicklas Backstrom wins face-off versus Stephane Da Costa in Senateurs zone.
2:30 of 3rd period - Slapshot by David Perron.
2:30 of 3rd period - Stopped by Jaroslav Halak without a rebound.
2:31 of 3rd period - Jordan Eberle wins face-off versus Matt Moulson in Senateurs zone.
3:02 of 3rd period - Slapshot by Filip Forsberg.
3:02 of 3rd period - Stopped by Jaroslav Halak with a rebound.
3:20 of 3rd period - Slapshot by Alex Pietrangelo.
3:20 of 3rd period - Deflect By Vincent Lecavalier.
3:20 of 3rd period - Shot Blocked by Cody Franson.
3:20 of 3rd period - Puck is out of play.
3:21 of 3rd period - Vincent Lecavalier wins face-off versus Maxim Lapierre in Senateurs zone.
3:30 of 3rd period - Slapshot by Jake Gardiner.
3:30 of 3rd period - Shot Blocked by Sergei Kostitsyn.
3:45 of 3rd period - Wrist shot by Sergei Kostitsyn.
3:45 of 3rd period - Stopped by Carey Price without a rebound.
3:46 of 3rd period - Sidney Crosby wins face-off versus David Perron in Blues zone.
3:49 of 3rd period - Slapshot by Phil Kessel.
3:49 of 3rd period - Stopped by Carey Price with a rebound.
3:51 of 3rd period - Minor Penalty to David Perron for Holding.
3:52 of 3rd period - Sidney Crosby wins face-off versus Drew Shore in Blues zone.
4:21 of 3rd period - Snap shot by Jamie Benn.
4:21 of 3rd period - Shot Misses the Net.
4:23 of 3rd period - Snap shot by Marek Svatos.
4:23 of 3rd period - Goal by Marek Svatos - Blues : 2 - Senateurs : 2.
4:24 of 3rd period - Nicklas Backstrom wins face-off versus Sidney Crosby in neutral zone.
4:27 of 3rd period - Wrist shot by Cody Ceci.
4:27 of 3rd period - Shot Blocked by Sidney Crosby.
4:29 of 3rd period - Wrist shot by Nicklas Backstrom.
4:29 of 3rd period - Shot Misses the Net.
4:51 of 3rd period - Ryan O'Reilly is hit by Evgeni Malkin and loses puck.
5:12 of 3rd period - Snap shot by Matt Moulson.
5:12 of 3rd period - Shot Misses the Net.
5:16 of 3rd period - Wrist shot by Brian McGrattan.
5:16 of 3rd period - Goal by Brian McGrattan - Blues : 2 - Senateurs : 3.
5:17 of 3rd period - Sidney Crosby wins face-off versus Nicklas Backstrom in neutral zone.
5:54 of 3rd period - Off-side.
5:55 of 3rd period - Nicklas Backstrom wins face-off versus Sidney Crosby in neutral zone.
6:21 of 3rd period - Sergei Shirokov is hit by Duncan Keith and loses puck.
6:28 of 3rd period - Snap shot by Sergei Kostitsyn.
6:28 of 3rd period - Shot Blocked by Jake Gardiner.
6:56 of 3rd period - Wrist shot by Drew Shore.
6:56 of 3rd period - Shot Misses the Net.
7:08 of 3rd period - Wrist shot by Evgeni Malkin.
7:08 of 3rd period - Shot Misses the Net.
7:20 of 3rd period - Minor Penalty to Derek Boogaard for High sticking.
7:21 of 3rd period - Nicklas Backstrom wins face-off versus Sidney Crosby in Senateurs zone.
7:48 of 3rd period - Evgeni Malkin is hit by Sergei Shirokov.
7:58 of 3rd period - Minor Penalty to Ryan O'Reilly for Hooking.
7:59 of 3rd period - Sidney Crosby wins face-off versus Jordan Eberle in Blues zone.
8:27 of 3rd period - Icing by Evgeni Malkin.
8:28 of 3rd period - Nicklas Backstrom wins face-off versus Sidney Crosby in Senateurs zone.
8:35 of 3rd period - Minor Penalty to Evgeni Malkin for Hooking.
8:36 of 3rd period - Nicklas Backstrom wins face-off versus Sidney Crosby in Senateurs zone.
8:39 of 3rd period - Slapshot by Nicklas Backstrom.
8:39 of 3rd period - Shot Misses the Net.
8:41 of 3rd period - Wrist shot by Alex Pietrangelo.
8:41 of 3rd period - Shot Blocked by Cody Franson.
8:43 of 3rd period - Slapshot by Cody Ceci.
8:43 of 3rd period - Stopped by Jaroslav Halak without a rebound.
8:44 of 3rd period - Nicklas Backstrom wins face-off versus Sidney Crosby in Senateurs zone.
9:03 of 3rd period - Snap shot by Jordan Eberle.
9:03 of 3rd period - Shot Misses the Net.
9:05 of 3rd period - Wrist shot by Jordan Eberle.
9:05 of 3rd period - Shot Misses the Net.
9:07 of 3rd period - Snap shot by Jordan Eberle.
9:07 of 3rd period - Shot Blocked by Cody Franson.
9:20 of 3rd period - Penalty to Derek Boogaard is over, Derek Boogaard is back on ice.
9:46 of 3rd period - Snap shot by Jordan Eberle.
9:46 of 3rd period - Deflect By Nicklas Backstrom.
9:46 of 3rd period - Shot Misses the Net.
9:46 of 3rd period - Puck is out of play.
9:47 of 3rd period - Colby Armstrong wins face-off versus Sergei Shirokov in Senateurs zone.
9:47 of 3rd period - Colby Armstrong is hit by David Perron.
9:58 of 3rd period - Penalty to Ryan O'Reilly is over, Ryan O'Reilly is back on ice.
10:27 of 3rd period - Dion Phaneuf is hit by David Perron.
10:35 of 3rd period - Penalty to Evgeni Malkin is over, Evgeni Malkin is back on ice.
10:50 of 3rd period - Snap shot by Jimmy Vesey.
10:50 of 3rd period - Shot Blocked by Sidney Crosby.
11:08 of 3rd period - Slapshot by Fabian Brunnstrom.
11:08 of 3rd period - Stopped by Jaroslav Halak without a rebound.
11:09 of 3rd period - Brian McGrattan wins face-off versus Drew Shore in Senateurs zone.
11:33 of 3rd period - Alex Pietrangelo is hit by Stephane Da Costa and loses puck.
12:13 of 3rd period - Slapshot by Stephane Da Costa.
12:13 of 3rd period - Stopped by Carey Price with a rebound.
12:15 of 3rd period - Snap shot by Matt Moulson.
12:15 of 3rd period - Goal by Matt Moulson - Blues : 2 - Senateurs : 4.
12:16 of 3rd period - Nicklas Backstrom wins face-off versus Sidney Crosby in neutral zone.
12:19 of 3rd period - Dion Phaneuf is hit by Nicklas Backstrom and loses puck.
12:26 of 3rd period - Snap shot by Phil Kessel.
12:26 of 3rd period - Goal by Phil Kessel - Blues : 2 - Senateurs : 5.
12:27 of 3rd period - Nicklas Backstrom wins face-off versus Sidney Crosby in neutral zone.
12:53 of 3rd period - Wrist shot by Fabian Brunnstrom.
12:53 of 3rd period - Deflect By Anthony Mantha.
12:53 of 3rd period - Shot Misses the Net.
12:53 of 3rd period - Puck is out of play.
12:54 of 3rd period - Drew Shore wins face-off versus Evgeni Malkin in Senateurs zone.
12:55 of 3rd period - Snap shot by Fabian Brunnstrom.
12:55 of 3rd period - Shot Blocked by Marek Svatos.
12:57 of 3rd period - Slapshot by Cody Ceci.
12:57 of 3rd period - Shot Blocked by Marek Svatos.
13:01 of 3rd period - Backhand shot by Fabian Brunnstrom.
13:01 of 3rd period - Goal by Fabian Brunnstrom - Blues : 3 - Senateurs : 5.
13:02 of 3rd period - Jordan Eberle wins face-off versus Sidney Crosby in neutral zone.
13:06 of 3rd period - Minor Penalty to Sidney Crosby for Charging.
13:07 of 3rd period - Sergei Kostitsyn wins face-off versus Nicklas Backstrom in Senateurs zone.
13:33 of 3rd period - Alex Pietrangelo is hit by Cody Franson.
15:06 of 3rd period - Penalty to Sidney Crosby is over, Sidney Crosby is back on ice.
15:18 of 3rd period - Snap shot by Phil Kessel.
15:18 of 3rd period - Stopped by Carey Price without a rebound.
15:19 of 3rd period - Maxim Lapierre wins face-off versus Drew Shore in Blues zone.
15:25 of 3rd period - Wrist shot by Maxim Lapierre.
15:25 of 3rd period - Stopped by Carey Price with a rebound.
15:27 of 3rd period - Slapshot by Sergei Kostitsyn.
15:27 of 3rd period - Shot Misses the Net.
15:29 of 3rd period - Snap shot by Colby Armstrong.
15:29 of 3rd period - Shot Misses the Net.
15:31 of 3rd period - Slapshot by Denis Grebeshkov.
15:31 of 3rd period - Deflect By Sergei Kostitsyn.
15:31 of 3rd period - Shot Misses the Net.
15:31 of 3rd period - Puck is out of play.
15:32 of 3rd period - Drew Shore wins face-off versus Maxim Lapierre in Blues zone.
16:10 of 3rd period - Icing by Jake Gardiner.
16:11 of 3rd period - Nicklas Backstrom wins face-off versus Colby Armstrong in Blues zone.
16:11 of 3rd period - Jake Gardiner is hit by Sergei Kostitsyn.
16:19 of 3rd period - Snap shot by Nicklas Backstrom.
16:19 of 3rd period - Stopped by Jaroslav Halak without a rebound.
16:20 of 3rd period - Drew Shore wins face-off versus Maxim Lapierre in Senateurs zone.
16:28 of 3rd period - Minor Penalty to Cody Franson for Holding.
16:29 of 3rd period - Sidney Crosby wins face-off versus Nicklas Backstrom in Senateurs zone.
17:02 of 3rd period - Slapshot by Ryan O'Reilly.
17:02 of 3rd period - Deflect By Evgeni Malkin.
17:02 of 3rd period - Shot Misses the Net.
17:02 of 3rd period - Puck is out of play.
17:03 of 3rd period - Phil Kessel wins face-off versus Ryan O'Reilly in Senateurs zone.
17:03 of 3rd period - Phil Kessel is hit by Shayne Gostisbehere.
17:10 of 3rd period - Wrist shot by David Perron.
17:10 of 3rd period - Stopped by Jaroslav Halak without a rebound.
17:11 of 3rd period - Nicklas Backstrom wins face-off versus Derek Boogaard in Senateurs zone.
17:12 of 3rd period - Wrist shot by Jordan Eberle.
17:12 of 3rd period - Stopped by Jaroslav Halak with a rebound.
18:19 of 3rd period - Nate Prosser is hit by Shayne Gostisbehere and loses puck.
18:28 of 3rd period - Penalty to Cody Franson is over, Cody Franson is back on ice.
18:36 of 3rd period - Cody Ceci is hit by Maxim Lapierre and loses puck.
18:41 of 3rd period - Slapshot by Sergei Kostitsyn.
18:41 of 3rd period - Shot Misses the Net.
18:43 of 3rd period - Slapshot by Dion Phaneuf.
18:43 of 3rd period - Deflect By Maxim Lapierre.
18:43 of 3rd period - Stopped by Carey Price without a rebound.
18:44 of 3rd period - Fabian Brunnstrom wins face-off versus Colby Armstrong in Blues zone.
18:58 of 3rd period - Off-side.
18:59 of 3rd period - Nicklas Backstrom wins face-off versus Sidney Crosby in neutral zone.
19:23 of 3rd period - Wrist shot by Maxim Lapierre.
19:23 of 3rd period - Shot Blocked by Shayne Gostisbehere.
19:25 of 3rd period - Slapshot by Dion Phaneuf.
19:25 of 3rd period - Shot Misses the Net.
19:27 of 3rd period - Snap shot by Dion Phaneuf.
19:27 of 3rd period - Deflect By Shayne Gostisbehere.
19:27 of 3rd period - Stopped by Carey Price without a rebound.
19:28 of 3rd period - Drew Shore wins face-off versus Evgeni Malkin in Blues zone.
19:43 of 3rd period - Marek Svatos is hit by Fabian Brunnstrom and loses puck.
Goals for this period are 1 for Blues vs 4 for Senateurs.
Shots for this period are 8 for Blues vs 12 for Senateurs.